Lightning vs Capitals

Created - January-19-13 at 10:35

Goals
1 2 3 T
Lightning 2 0 1 3
Capitals 2 2 0 4
Shots
1 2 3 T
Lightning 10 3 8 21
Capitals 7 13 6 26

1st period

1. Capitals , Mike Green 8 (David Desharnais) at 6:54 (PP)
2. Lightning , Scott Hartnell 17 (Tomas Plekanec, Andrej Meszaros) at 11:20
3. Lightning , Martin St. Louis 15 (Patrick Kane, Patrick Sharp) at 12:29 (PP)
4. Capitals , Ryane Clowe 11 (Taylor Hall, Douglas Murray) at 16:37

Penalties :
Eric Nystrom (TBL) for Hooking (Minor) at 1:14, Ryan McDonagh (WSH) for Hooking (Minor) at 3:00, Andrej Meszaros (TBL) for Tripping (Minor) at 3:00, Andrej Meszaros (TBL) for Hooking (Minor) at 6:41, Ryane Clowe (WSH) for Cross-checking (Minor) at 11:49, Kimmo Timonen (WSH) for Interference (Minor) at 12:36, Scott Hartnell (TBL) for High sticking (Minor) at 12:36, Patrick Kane (TBL) for Hooking (Minor) at 16:52

2nd period

5. Capitals , Mike Green 9 (David Desharnais, Alexander Ovechkin) at 0:26
6. Capitals , Alexander Semin 16 (Kimmo Timonen, Alexander Ovechkin) at 19:29

Penalties :
Brent Seabrook (TBL) for Tripping (Minor) at 1:02, Brent Seabrook (TBL) for Tripping (Minor) at 7:24, Mathieu Perreault (WSH) for Hooking (Minor) at 8:20, Josh Gorges (TBL) for Holding (Minor) at 10:50, Brent Seabrook (TBL) for Hooking (Minor) at 13:55, Andrew Desjardins (WSH) for Hooking (Minor) at 16:22

3rd period

7. Lightning , Tomas Plekanec 8 (Andrej Meszaros, Martin Havlat) at 5:08

Penalties :
Marc Methot (WSH) for Hooking (Minor) at 18:34

Goalie Stats

Cory Schneider (TBL), 22 saves from 26 shots - (0.846), L, 18-6-1, 59:03 minutes
Jimmy Howard (WSH), 18 saves from 21 shots - (0.857), W, 17-8-4, 60:00 minutes

Players Stats for Lightning

Player Name              G  A  P  +/- PIM S  H  SB GA TA FO     MP     PP MP  PK MP  
------------------------------------------------------------------------------------
Andrej Meszaros          0  2  2   1  4   0  1  1  0  0  0/0    20:22   1:28   4:42 
Andrew Brunette          0  0  0   0  0   0  0  0  0  0  0/0     5:24   0:00   0:00 
Brent Seabrook           0  0  0  -2  6   2  1  2  0  0  0/0    24:36   3:32   3:14 
Eric Nystrom             0  0  0  -1  2   0  4  0  0  0  1/2     8:52   0:00   0:00 
Jaroslav Spacek          0  0  0   0  0   0  1  1  0  0  0/0    15:04   0:56   2:42 
Josh Gorges              0  0  0   1  2   1  1  1  0  0  0/0    21:41   1:28   5:27 
Marek Zidlicky           0  0  0  -2  0   0  0  0  0  0  0/0    21:24   2:36   0:00 
Martin Havlat            0  1  1   2  0   0  0  0  0  0  0/1    15:54   1:42   0:00 
Martin St. Louis         1  0  1  -2  0   4  0  0  0  0  2/2    24:00   3:18   5:15 
Mike Knuble              0  0  0   0  0   1  0  0  0  0  1/1     5:24   0:00   0:00 
Nick Spaling             0  0  0   0  0   0  2  0  0  0  2/4    11:02   0:00   5:38 
Patrick Kane             0  1  1  -2  2   3  0  0  0  0  0/1    17:09   3:18   0:00 
Patrick Sharp            0  1  1  -2  0   2  3  0  0  0  8/16   17:10   3:18   0:00 
Paul Stastny             0  0  0  -1  0   0  0  0  0  0  13/28  19:03   1:42   5:15 
Scott Hartnell           1  0  1   2  2   5  5  0  0  0  1/1    12:40   1:42   0:00 
Teddy Purcell            0  0  0  -1  0   1  0  0  0  0  0/0     8:53   0:00   0:00 
Tim Gleason              0  0  0   0  0   0  4  3  0  0  0/0    16:47   0:00   6:02 
Tomas Plekanec           1  1  2   2  0   2  0  0  0  0  15/25  18:21   0:00   5:47 

Players Stats for Capitals

Player Name              G  A  P  +/- PIM S  H  SB GA TA FO     MP     PP MP  PK MP  
------------------------------------------------------------------------------------
Alexander Ovechkin       0  2  2   1  0   7  1  0  0  0  0/0    22:58   5:49   4:27 
Alexander Semin          1  0  1   1  0   3  0  0  0  0  1/1    20:56   5:31   0:00 
Andrew Desjardins        0  0  0  -1  2   0  2  0  0  0  10/18  17:19   5:02   0:00 
Cory Sarich              0  0  0   0  0   0  0  1  0  0  0/0     3:40   0:10   0:00 
David Desharnais         0  2  2   1  0   2  0  0  0  0  8/19   17:09   5:49   0:00 
Douglas Murray           0  1  1   1  0   0  1  0  0  0  0/0    12:25   0:00   0:00 
Jeff Halpern             0  0  0  -1  0   0  1  0  0  0  10/13  20:12   0:00   3:45 
Jiri Tlusty              0  0  0   0  0   0  0  0  0  0  0/1     9:33   5:02   0:00 
Kimmo Timonen            0  1  1   1  2   0  2  3  0  0  0/0    19:56   0:00   2:20 
Marc Methot              0  0  0   0  2   0  3  0  0  0  0/0    17:13   5:10   0:00 
Mathieu Perreault        0  0  0   1  2   1  1  0  0  0  6/19   15:59   5:01   0:33 
Matt Stajan              0  0  0   0  0   0  0  0  0  0  2/6     6:24   0:00   0:42 
Mike Green               2  0  2   1  0   4  1  1  0  0  0/0    23:58   5:41   2:20 
Ryan McDonagh            0  0  0   0  2   2  1  1  0  0  0/0    22:17   5:09   2:40 
Ryane Clowe              1  0  1   1  2   4  5  0  0  0  0/1    21:40   5:49   0:33 
Taylor Hall              0  1  1   1  0   0  0  0  0  0  0/1    10:25   0:00   0:00 
Tomas Fleischmann        0  0  0  -1  0   3  0  0  0  0  1/2    12:52   0:00   0:00 
Willie Mitchell          0  0  0  -1  0   0  2  2  0  0  0/0    14:57   0:00   2:40 

3 Stars

1 - Mike Green (WSH)
2 - Tomas Plekanec (TBL)
3 - Scott Hartnell (TBL)

Power Play

Lightning - 1 on 4 Attempt(s) - 25.00%
Capitals - 1 on 7 Attempt(s) - 14.29%

Penalty Kill

Lightning - 6 on 7 Attempt(s) - 85.71% - Score 0 goal in Penalty Kill
Capitals - 3 on 4 Attempt(s) - 75.00% - Score 0 goal in Penalty Kill

Official

Referees : Tom Kowal and Dan O'Rourke
Linesman : Lonnie Cameron and Jonny Murray

Game Notes

No Game Note

Finance

Level 1 -- Attendance: 2708 (41.66%) -- Ticket Income $677,000
Level 2 -- Attendance: 1420 (28.40%) -- Ticket Income $355,000
Level 3 -- Attendance: 923 (26.37%) -- Ticket Income $184,600
Level 4 -- Attendance: 576 (21.56%) -- Ticket Income $115,200
Luxury Box -- Attendance: 437 (43.70%) -- Ticket Income $196,650
Game was played at the Verizon Center
Total Attendance: 6064 (32.48%)
Total Ticket Income: $1,528,450
Other Income: $229,268
Total Income: $1,757,718


% Time on Ice - Lightning

Lines # - Real PCT - Wanted PCT - Time Play
Normal Forward
1 - 35% - 35% - 13:52
2 - 28% - 30% - 10:59
3 - 23% - 25% - 8:53
4 - 14% - 10% - 5:24
Normal Defense
1 - 40% - 40% - 15:35
2 - 31% - 30% - 12:16
3 - 27% - 20% - 10:45
4 - 1% - 10% - 0:32
PP Forward
1 - 66% - 60% - 3:18
2 - 34% - 40% - 1:42
PP Defense
1 - 71% - 60% - 3:32
2 - 29% - 40% - 1:28
PK Forward
1 - 48% - 50% - 5:15
2 - 52% - 50% - 5:36
PK Defense
1 - 55% - 60% - 5:55
2 - 45% - 40% - 4:56
PK3 Forward
1 - 85% - 50% - 0:11
2 - 15% - 50% - 0:02
PK3 Defense
1 - 0% - 60% - 0:00
2 - 100% - 40% - 0:13
44 Forward
1 - 67% - 60% - 3:13
2 - 33% - 40% - 1:35
44 Defense
1 - 59% - 60% - 2:49
2 - 41% - 40% - 1:59
Last Minute Offensive  - 0:00
Last Minute Defensive  - 0:00
Total
Forward - 60:00
Defense - 60:00

% Time on Ice - Capitals

Lines # - Real PCT - Wanted PCT - Time Play
Normal Forward
1 - 29% - 30% - 11:20
2 - 27% - 28% - 10:25
3 - 33% - 28% - 12:52
4 - 12% - 14% - 4:31
Normal Defense
1 - 31% - 40% - 12:16
2 - 32% - 30% - 12:25
3 - 28% - 20% - 10:57
4 - 9% - 10% - 3:30
PP Forward
1 - 54% - 60% - 5:49
2 - 46% - 40% - 5:02
PP Defense
1 - 52% - 60% - 5:41
2 - 48% - 40% - 5:10
PK Forward
1 - 89% - 60% - 4:27
2 - 11% - 40% - 0:33
PK Defense
1 - 47% - 60% - 2:20
2 - 53% - 40% - 2:40
PK3 Forward
1 - 0% - 60%
2 - 0% - 40%
PK3 Defense
1 - 0% - 60%
2 - 0% - 40%
44 Forward
1 - 76% - 60% - 3:50
2 - 24% - 40% - 1:11
44 Defense
1 - 73% - 60% - 3:41
2 - 27% - 40% - 1:20
Last Minute Offensive  - 0:00
Last Minute Defensive  - 0:00
Total
Forward - 60:00
Defense - 60:00

Play by Play

1st period


0:01 of 1st period - David Desharnais wins face-off versus Patrick Sharp in neutral zone.
0:54 of 1st period - Shot by Ryan McDonagh.
0:54 of 1st period - Shot Misses the Net.
1:10 of 1st period - Douglas Murray is hit by Scott Hartnell.
1:13 of 1st period - Off-side.
1:14 of 1st period - Andrew Desjardins wins face-off versus Paul Stastny in neutral zone.
1:14 of 1st period - Minor Penalty to Eric Nystrom for Hooking.
1:15 of 1st period - Mathieu Perreault wins face-off versus Tomas Plekanec in Lightning zone.
1:18 of 1st period - Shot by Marc Methot.
1:18 of 1st period - Shot Misses the Net.
2:28 of 1st period - Shot by Alexander Semin.
2:28 of 1st period - Shot Misses the Net.
2:37 of 1st period - Icing by Ryane Clowe.
2:38 of 1st period - Tomas Plekanec wins face-off versus Ryane Clowe in Capitals zone.
2:49 of 1st period - Shot by Alexander Semin.
2:49 of 1st period - Shot Misses the Net.
2:51 of 1st period - Shot by Alexander Semin.
2:51 of 1st period - Stopped by Cory Schneider without a rebound.
2:52 of 1st period - Mathieu Perreault wins face-off versus Paul Stastny in Lightning zone.
2:53 of 1st period - Shot by Ryan McDonagh.
2:53 of 1st period - Stopped by Cory Schneider without a rebound.
2:54 of 1st period - Paul Stastny wins face-off versus Mathieu Perreault in Lightning zone.
3:00 of 1st period - Minor Penalty to Ryan McDonagh for Hooking.
3:00 of 1st period - Minor Penalty to Andrej Meszaros for Tripping.
3:01 of 1st period - Jeff Halpern wins face-off versus Tomas Plekanec in Capitals zone.
4:40 of 1st period - Off-side.
4:41 of 1st period - Jeff Halpern wins face-off versus Paul Stastny in neutral zone.
5:39 of 1st period - Douglas Murray is hit by Nick Spaling and loses puck.
6:12 of 1st period - Shot by Martin St. Louis.
6:12 of 1st period - Stopped by Jimmy Howard with a rebound.
6:24 of 1st period - Shot by Patrick Kane.
6:24 of 1st period - Shot Blocked by Cory Sarich.
6:26 of 1st period - Shot by Brent Seabrook.
6:26 of 1st period - Shot Misses the Net.
6:28 of 1st period - Shot by Patrick Kane.
6:28 of 1st period - Shot Misses the Net.
6:41 of 1st period - Minor Penalty to Andrej Meszaros for Hooking.
6:42 of 1st period - David Desharnais wins face-off versus Tomas Plekanec in Lightning zone.
6:54 of 1st period - Shot by Mike Green.
6:54 of 1st period - Goal by Mike Green - Lightning : 0 - Capitals : 1.
6:55 of 1st period - David Desharnais wins face-off versus Martin Havlat in neutral zone.
6:57 of 1st period - Willie Mitchell is hit by Scott Hartnell and loses puck.
7:10 of 1st period - Shot by Scott Hartnell.
7:10 of 1st period - Shot Misses the Net.
7:12 of 1st period - Shot by Josh Gorges.
7:12 of 1st period - Shot Misses the Net.
7:14 of 1st period - Shot by Scott Hartnell.
7:14 of 1st period - Stopped by Jimmy Howard without a rebound.
7:15 of 1st period - Paul Stastny wins face-off versus Matt Stajan in Capitals zone.
7:28 of 1st period - Kimmo Timonen is hit by Eric Nystrom and loses puck.
7:41 of 1st period - Shot by Paul Stastny.
7:41 of 1st period - Shot Blocked by Kimmo Timonen.
7:43 of 1st period - Shot by Marek Zidlicky.
7:43 of 1st period - Shot Misses the Net.
7:57 of 1st period - Icing by Brent Seabrook.
7:58 of 1st period - David Desharnais wins face-off versus Paul Stastny in Lightning zone.
7:59 of 1st period - Shot by Alexander Ovechkin.
7:59 of 1st period - Deflect By David Desharnais.
7:59 of 1st period - Shot Blocked by Brent Seabrook.
8:05 of 1st period - Shot by David Desharnais.
8:05 of 1st period - Shot Misses the Net.
8:10 of 1st period - Off-side.
8:11 of 1st period - Andrew Desjardins wins face-off versus Tomas Plekanec in neutral zone.
8:13 of 1st period - Off-side.
8:14 of 1st period - Andrew Desjardins wins face-off versus Tomas Plekanec in neutral zone.
8:27 of 1st period - Icing by Scott Hartnell.
8:28 of 1st period - Tomas Plekanec wins face-off versus David Desharnais in Lightning zone.
8:34 of 1st period - Andrej Meszaros is hit by Mike Green and loses puck.
9:09 of 1st period - Shot by Mike Green.
9:09 of 1st period - Stopped by Cory Schneider without a rebound.
9:10 of 1st period - Paul Stastny wins face-off versus Mathieu Perreault in Lightning zone.
9:21 of 1st period - Shot by Ryane Clowe.
9:21 of 1st period - Shot Misses the Net.
9:44 of 1st period - Icing by Jaroslav Spacek.
9:45 of 1st period - Paul Stastny wins face-off versus Andrew Desjardins in Lightning zone.
11:18 of 1st period - Shot by Tomas Plekanec.
11:18 of 1st period - Shot Misses the Net.
11:20 of 1st period - Shot by Tomas Plekanec.
11:20 of 1st period - Deflect By Scott Hartnell.
11:20 of 1st period - Goal by Scott Hartnell - Lightning : 1 - Capitals : 1.
11:21 of 1st period - Nick Spaling wins face-off versus Mathieu Perreault in neutral zone.
11:49 of 1st period - Minor Penalty to Ryane Clowe for Cross-checking.
11:50 of 1st period - Jeff Halpern wins face-off versus Paul Stastny in Capitals zone.
11:50 of 1st period - Jeff Halpern is hit by Scott Hartnell.
11:57 of 1st period - Icing by Brent Seabrook.
11:58 of 1st period - Paul Stastny wins face-off versus Jeff Halpern in Lightning zone.
12:03 of 1st period - Shot by Brent Seabrook.
12:03 of 1st period - Stopped by Jimmy Howard without a rebound.
12:04 of 1st period - Jeff Halpern wins face-off versus Patrick Sharp in Capitals zone.
12:04 of 1st period - Jeff Halpern is hit by Patrick Sharp.
12:23 of 1st period - Shot by Patrick Sharp.
12:23 of 1st period - Stopped by Jimmy Howard with a rebound.
12:25 of 1st period - Shot by Patrick Sharp.
12:25 of 1st period - Shot Blocked by Willie Mitchell.
12:27 of 1st period - Shot by Patrick Kane.
12:27 of 1st period - Stopped by Jimmy Howard with a rebound.
12:29 of 1st period - Shot by Martin St. Louis.
12:29 of 1st period - Goal by Martin St. Louis - Lightning : 2 - Capitals : 1.
12:30 of 1st period - Tomas Plekanec wins face-off versus Mathieu Perreault in neutral zone.
12:35 of 1st period - Shot by Scott Hartnell.
12:35 of 1st period - Shot Misses the Net.
12:36 of 1st period - Minor Penalty to Kimmo Timonen for Interference.
12:36 of 1st period - Minor Penalty to Scott Hartnell for High sticking.
12:37 of 1st period - Jeff Halpern wins face-off versus Paul Stastny in Capitals zone.
13:27 of 1st period - Icing by Ryan McDonagh.
13:28 of 1st period - Tomas Plekanec wins face-off versus Jeff Halpern in Capitals zone.
15:01 of 1st period - Nick Spaling is hit by Ryane Clowe.
15:36 of 1st period - Shot by Teddy Purcell.
15:36 of 1st period - Shot Blocked by Kimmo Timonen.
16:37 of 1st period - Shot by Ryane Clowe.
16:37 of 1st period - Goal by Ryane Clowe - Lightning : 2 - Capitals : 2.
16:38 of 1st period - Patrick Sharp wins face-off versus Andrew Desjardins in neutral zone.
16:52 of 1st period - Minor Penalty to Patrick Kane for Hooking.
16:53 of 1st period - Tomas Plekanec wins face-off versus David Desharnais in Lightning zone.
17:36 of 1st period - Shot by Alexander Semin.
17:36 of 1st period - Shot Misses the Net.
17:38 of 1st period - Shot by Mike Green.
17:38 of 1st period - Stopped by Cory Schneider without a rebound.
17:39 of 1st period - Paul Stastny wins face-off versus Mathieu Perreault in Lightning zone.
18:01 of 1st period - Shot by Mike Green.
18:01 of 1st period - Shot Blocked by Brent Seabrook.
18:08 of 1st period - Shot by Alexander Semin.
18:08 of 1st period - Shot Blocked by Tim Gleason.
18:28 of 1st period - Shot by David Desharnais.
18:28 of 1st period - Deflect By Alexander Ovechkin.
18:28 of 1st period - Shot Misses the Net.
18:30 of 1st period - Shot by David Desharnais.
18:30 of 1st period - Shot Blocked by Andrej Meszaros.
18:41 of 1st period - Off-side.
18:42 of 1st period - Tomas Plekanec wins face-off versus Mathieu Perreault in neutral zone.
19:10 of 1st period - Shot by Tomas Fleischmann.
19:10 of 1st period - Stopped by Cory Schneider without a rebound.
19:11 of 1st period - Tomas Plekanec wins face-off versus David Desharnais in Lightning zone.
19:22 of 1st period - Shot by Tomas Plekanec.
19:22 of 1st period - Stopped by Jimmy Howard with a rebound.
19:24 of 1st period - Shot by Martin Havlat.
19:24 of 1st period - Shot Blocked by Kimmo Timonen.
19:26 of 1st period - Shot by Andrej Meszaros.
19:26 of 1st period - Shot Blocked by Mike Green.
19:28 of 1st period - Shot by Josh Gorges.
19:28 of 1st period - Stopped by Jimmy Howard without a rebound.
19:29 of 1st period - Matt Stajan wins face-off versus Patrick Sharp in Capitals zone.
19:35 of 1st period - Ryane Clowe is hit by Brent Seabrook and loses puck.
19:42 of 1st period - Shot by Patrick Kane.
19:42 of 1st period - Shot Misses the Net.
19:44 of 1st period - Shot by Martin St. Louis.
19:44 of 1st period - Stopped by Jimmy Howard without a rebound.
19:45 of 1st period - Scott Hartnell wins face-off versus Andrew Desjardins in Capitals zone.
19:49 of 1st period - Icing by Marc Methot.
19:50 of 1st period - Tomas Plekanec wins face-off versus Andrew Desjardins in Capitals zone.

2nd period


0:01 of 2nd period - Patrick Sharp wins face-off versus David Desharnais in neutral zone.
0:22 of 2nd period - Shot by Alexander Ovechkin.
0:22 of 2nd period - Shot Blocked by Josh Gorges.
0:24 of 2nd period - Shot by David Desharnais.
0:24 of 2nd period - Shot Misses the Net.
0:26 of 2nd period - Shot by Mike Green.
0:26 of 2nd period - Goal by Mike Green - Lightning : 2 - Capitals : 3.
0:27 of 2nd period - Andrew Desjardins wins face-off versus Tomas Plekanec in neutral zone.
0:47 of 2nd period - Tomas Fleischmann is hit by Scott Hartnell and loses puck.
0:56 of 2nd period - Scott Hartnell is hit by Andrew Desjardins and loses puck.
1:01 of 2nd period - Shot by Tomas Fleischmann.
1:01 of 2nd period - Shot Misses the Net.
1:02 of 2nd period - Minor Penalty to Brent Seabrook for Tripping.
1:03 of 2nd period - David Desharnais wins face-off versus Paul Stastny in Lightning zone.
1:04 of 2nd period - Shot by Alexander Ovechkin.
1:04 of 2nd period - Stopped by Cory Schneider with a rebound.
2:12 of 2nd period - Shot by Mathieu Perreault.
2:12 of 2nd period - Shot Misses the Net.
2:36 of 2nd period - Icing by Marc Methot.
2:37 of 2nd period - Mathieu Perreault wins face-off versus Paul Stastny in Capitals zone.
2:56 of 2nd period - Shot by Alexander Semin.
2:56 of 2nd period - Shot Misses the Net.
3:35 of 2nd period - Shot by Alexander Ovechkin.
3:35 of 2nd period - The goal is going for a video replay.
3:35 of 2nd period - The goal is refused.
3:36 of 2nd period - Matt Stajan wins face-off versus Nick Spaling in Lightning zone.
3:37 of 2nd period - Shot by Ryane Clowe.
3:37 of 2nd period - Deflect By Jiri Tlusty.
3:37 of 2nd period - Shot Misses the Net.
4:44 of 2nd period - Shot by Patrick Sharp.
4:44 of 2nd period - Shot Misses the Net.
4:52 of 2nd period - Shot by Patrick Sharp.
4:52 of 2nd period - Deflect By Martin St. Louis.
4:52 of 2nd period - Stopped by Jimmy Howard without a rebound.
4:53 of 2nd period - Andrew Desjardins wins face-off versus Tomas Plekanec in Capitals zone.
5:07 of 2nd period - Marc Methot is hit by Tim Gleason and loses puck.
5:27 of 2nd period - Tomas Fleischmann is hit by Jaroslav Spacek.
5:32 of 2nd period - Tomas Fleischmann is hit by Tim Gleason and loses puck.
6:06 of 2nd period - Shot by Ryane Clowe.
6:06 of 2nd period - Stopped by Cory Schneider with a rebound.
6:31 of 2nd period - Off-side.
6:32 of 2nd period - David Desharnais wins face-off versus Paul Stastny in neutral zone.
7:01 of 2nd period - Shot by Alexander Semin.
7:01 of 2nd period - Deflect By Alexander Ovechkin.
7:01 of 2nd period - Stopped by Cory Schneider without a rebound.
7:02 of 2nd period - Andrew Desjardins wins face-off versus Patrick Sharp in Lightning zone.
7:24 of 2nd period - Minor Penalty to Brent Seabrook for Tripping.
7:25 of 2nd period - Paul Stastny wins face-off versus David Desharnais in Lightning zone.
7:25 of 2nd period - Paul Stastny is hit by Ryane Clowe.
7:55 of 2nd period - Shot by David Desharnais.
7:55 of 2nd period - Stopped by Cory Schneider without a rebound.
7:56 of 2nd period - Andrew Desjardins wins face-off versus Paul Stastny in Lightning zone.
8:20 of 2nd period - Minor Penalty to Mathieu Perreault for Hooking.
8:21 of 2nd period - Jeff Halpern wins face-off versus Paul Stastny in Capitals zone.
9:25 of 2nd period - Shot by Ryane Clowe.
9:25 of 2nd period - Shot Blocked by Jaroslav Spacek.
9:31 of 2nd period - Shot by Patrick Sharp.
9:31 of 2nd period - Stopped by Jimmy Howard without a rebound.
9:32 of 2nd period - Patrick Sharp wins face-off versus Jeff Halpern in Capitals zone.
9:49 of 2nd period - Shot by Martin St. Louis.
9:49 of 2nd period - Shot Blocked by Ryan McDonagh.
10:45 of 2nd period - Icing by Josh Gorges.
10:46 of 2nd period - Nick Spaling wins face-off versus Matt Stajan in Lightning zone.
10:50 of 2nd period - Minor Penalty to Josh Gorges for Holding.
10:51 of 2nd period - Paul Stastny wins face-off versus Jiri Tlusty in Lightning zone.
11:02 of 2nd period - Shot by Mike Green.
11:02 of 2nd period - Shot Blocked by Tim Gleason.
11:12 of 2nd period - Shot by Mathieu Perreault.
11:12 of 2nd period - Stopped by Cory Schneider without a rebound.
11:13 of 2nd period - Paul Stastny wins face-off versus David Desharnais in Lightning zone.
11:32 of 2nd period - Tomas Plekanec is hit by Ryane Clowe.
11:52 of 2nd period - Icing by David Desharnais.
11:53 of 2nd period - Tomas Plekanec wins face-off versus David Desharnais in Capitals zone.
12:31 of 2nd period - Icing by Mike Green.
12:32 of 2nd period - Paul Stastny wins face-off versus Mathieu Perreault in Capitals zone.
12:47 of 2nd period - Nick Spaling is hit by Mathieu Perreault and loses puck.
12:56 of 2nd period - Shot by Tomas Fleischmann.
12:56 of 2nd period - Shot Misses the Net.
13:24 of 2nd period - Shot by Tomas Fleischmann.
13:24 of 2nd period - Stopped by Cory Schneider without a rebound.
13:25 of 2nd period - David Desharnais wins face-off versus Tomas Plekanec in Lightning zone.
13:26 of 2nd period - Shot by Alexander Ovechkin.
13:26 of 2nd period - Stopped by Cory Schneider with a rebound.
13:42 of 2nd period - Shot by Scott Hartnell.
13:42 of 2nd period - Stopped by Jimmy Howard without a rebound.
13:43 of 2nd period - Paul Stastny wins face-off versus Mathieu Perreault in Capitals zone.
13:55 of 2nd period - Minor Penalty to Brent Seabrook for Hooking.
13:56 of 2nd period - Tomas Plekanec wins face-off versus David Desharnais in Lightning zone.
14:17 of 2nd period - Shot by Martin St. Louis.
14:17 of 2nd period - Shot Misses the Net.
14:37 of 2nd period - Shot by Alexander Ovechkin.
14:37 of 2nd period - Stopped by Cory Schneider without a rebound.
14:38 of 2nd period - Tomas Plekanec wins face-off versus Mathieu Perreault in Lightning zone.
15:13 of 2nd period - Shot by Ryan McDonagh.
15:13 of 2nd period - Stopped by Cory Schneider without a rebound.
15:14 of 2nd period - Martin St. Louis wins face-off versus David Desharnais in Lightning zone.
15:40 of 2nd period - Shot by Alexander Semin.
15:40 of 2nd period - Stopped by Cory Schneider without a rebound.
15:41 of 2nd period - Tomas Plekanec wins face-off versus Mathieu Perreault in Lightning zone.
15:41 of 2nd period - Tomas Plekanec is hit by Andrew Desjardins.
16:22 of 2nd period - Minor Penalty to Andrew Desjardins for Hooking.
16:23 of 2nd period - Jeff Halpern wins face-off versus Paul Stastny in Capitals zone.
16:42 of 2nd period - Off-side.
16:43 of 2nd period - Jeff Halpern wins face-off versus Patrick Kane in neutral zone.
17:10 of 2nd period - Willie Mitchell is hit by Patrick Sharp and loses puck.
17:22 of 2nd period - Brent Seabrook is hit by Ryan McDonagh and loses puck.
18:05 of 2nd period - Icing by Scott Hartnell.
18:06 of 2nd period - Mathieu Perreault wins face-off versus Paul Stastny in Lightning zone.
18:06 of 2nd period - Ryane Clowe is hit by Josh Gorges and loses puck.
18:10 of 2nd period - Icing by Josh Gorges.
18:11 of 2nd period - Jeff Halpern wins face-off versus Paul Stastny in Lightning zone.
18:11 of 2nd period - Kimmo Timonen is hit by Andrej Meszaros and loses puck.
19:05 of 2nd period - Icing by Jaroslav Spacek.
19:06 of 2nd period - Alexander Semin wins face-off versus Nick Spaling in Lightning zone.
19:29 of 2nd period - Shot by Alexander Semin.
19:29 of 2nd period - Goal by Alexander Semin - Lightning : 2 - Capitals : 4.
19:30 of 2nd period - Patrick Sharp wins face-off versus Tomas Fleischmann in neutral zone.

3rd period


0:01 of 3rd period - Patrick Sharp wins face-off versus David Desharnais in neutral zone.
0:14 of 3rd period - Shot by Patrick Sharp.
0:14 of 3rd period - Shot Misses the Net.
0:34 of 3rd period - Shot by Alexander Semin.
0:34 of 3rd period - Shot Misses the Net.
1:57 of 3rd period - Scott Hartnell is hit by Marc Methot and loses puck.
2:21 of 3rd period - Jeff Halpern is hit by Eric Nystrom.
2:37 of 3rd period - Tim Gleason is hit by Alexander Ovechkin and loses puck.
3:47 of 3rd period - Shot by Nick Spaling.
3:47 of 3rd period - Shot Misses the Net.
3:49 of 3rd period - Shot by Brent Seabrook.
3:49 of 3rd period - Stopped by Jimmy Howard with a rebound.
3:53 of 3rd period - Shot by Mike Knuble.
3:53 of 3rd period - Stopped by Jimmy Howard without a rebound.
3:54 of 3rd period - Andrew Desjardins wins face-off versus Patrick Sharp in Capitals zone.
3:54 of 3rd period - Andrew Desjardins is hit by Patrick Sharp.
4:46 of 3rd period - Icing by Tomas Fleischmann.
4:47 of 3rd period - Andrew Desjardins wins face-off versus Tomas Plekanec in Capitals zone.
4:56 of 3rd period - Shot by Scott Hartnell.
4:56 of 3rd period - Stopped by Jimmy Howard with a rebound.
5:04 of 3rd period - Shot by Tomas Plekanec.
5:04 of 3rd period - Shot Misses the Net.
5:08 of 3rd period - Shot by Tomas Plekanec.
5:08 of 3rd period - Goal by Tomas Plekanec - Lightning : 3 - Capitals : 4.
5:09 of 3rd period - David Desharnais wins face-off versus Eric Nystrom in neutral zone.
5:40 of 3rd period - Shot by Eric Nystrom.
5:40 of 3rd period - Shot Misses the Net.
5:42 of 3rd period - Shot by Teddy Purcell.
5:42 of 3rd period - Shot Misses the Net.
6:02 of 3rd period - Shot by Patrick Kane.
6:02 of 3rd period - Shot Misses the Net.
6:04 of 3rd period - Shot by Patrick Kane.
6:04 of 3rd period - Stopped by Jimmy Howard without a rebound.
6:05 of 3rd period - Tomas Plekanec wins face-off versus Mathieu Perreault in Capitals zone.
6:18 of 3rd period - Shot by Scott Hartnell.
6:18 of 3rd period - Stopped by Jimmy Howard without a rebound.
6:19 of 3rd period - Patrick Sharp wins face-off versus Matt Stajan in Capitals zone.
6:25 of 3rd period - Martin St. Louis is hit by Douglas Murray and loses puck.
6:34 of 3rd period - Shot by Douglas Murray.
6:34 of 3rd period - Shot Hit the Post.
6:42 of 3rd period - Shot by Ryane Clowe.
6:42 of 3rd period - Shot Misses the Net.
7:32 of 3rd period - Icing by Willie Mitchell.
7:33 of 3rd period - Tomas Plekanec wins face-off versus Andrew Desjardins in Capitals zone.
8:49 of 3rd period - Shot by Alexander Ovechkin.
8:49 of 3rd period - Stopped by Cory Schneider without a rebound.
8:50 of 3rd period - Paul Stastny wins face-off versus Taylor Hall in Lightning zone.
8:57 of 3rd period - Shot by Douglas Murray.
8:57 of 3rd period - Shot Misses the Net.
9:04 of 3rd period - Mathieu Perreault is hit by Tim Gleason and loses puck.
9:48 of 3rd period - David Desharnais is hit by Tim Gleason and loses puck.
9:59 of 3rd period - Shot by Alexander Ovechkin.
9:59 of 3rd period - Stopped by Cory Schneider without a rebound.
10:00 of 3rd period - Andrew Desjardins wins face-off versus Patrick Sharp in Lightning zone.
10:32 of 3rd period - Martin St. Louis is hit by Marc Methot and loses puck.
10:55 of 3rd period - Shot by David Desharnais.
10:55 of 3rd period - Shot Misses the Net.
11:32 of 3rd period - Martin Havlat is hit by Kimmo Timonen and loses puck.
12:24 of 3rd period - Shot by Mathieu Perreault.
12:24 of 3rd period - Shot Blocked by Tim Gleason.
12:32 of 3rd period - Shot by Mathieu Perreault.
12:32 of 3rd period - Deflect By Ryane Clowe.
12:32 of 3rd period - Stopped by Cory Schneider without a rebound.
12:33 of 3rd period - Mike Knuble wins face-off versus Andrew Desjardins in Lightning zone.
12:33 of 3rd period - Mike Knuble is hit by Jeff Halpern.
12:39 of 3rd period - Willie Mitchell is hit by Nick Spaling and loses puck.
12:50 of 3rd period - Shot by Tomas Fleischmann.
12:50 of 3rd period - Stopped by Cory Schneider without a rebound.
12:51 of 3rd period - Paul Stastny wins face-off versus Matt Stajan in Lightning zone.
12:51 of 3rd period - Paul Stastny is hit by Ryane Clowe.
12:57 of 3rd period - Ryan McDonagh is hit by Eric Nystrom and loses puck.
13:09 of 3rd period - Shot by Teddy Purcell.
13:09 of 3rd period - Stopped by Jimmy Howard without a rebound.
13:10 of 3rd period - Martin St. Louis wins face-off versus Andrew Desjardins in Capitals zone.
13:10 of 3rd period - Martin St. Louis is hit by Willie Mitchell.
13:26 of 3rd period - Shot by Patrick Kane.
13:26 of 3rd period - Shot Blocked by Willie Mitchell.
13:30 of 3rd period - Shot by Patrick Kane.
13:30 of 3rd period - Stopped by Jimmy Howard without a rebound.
13:31 of 3rd period - Mathieu Perreault wins face-off versus Tomas Plekanec in Capitals zone.
13:35 of 3rd period - Icing by Ryane Clowe.
13:36 of 3rd period - Patrick Sharp wins face-off versus Mathieu Perreault in Capitals zone.
13:45 of 3rd period - Patrick Sharp is hit by Kimmo Timonen.
13:53 of 3rd period - Brent Seabrook is hit by Ryane Clowe and loses puck.
14:14 of 3rd period - Shot by Ryane Clowe.
14:14 of 3rd period - Stopped by Cory Schneider without a rebound.
14:15 of 3rd period - Tomas Plekanec wins face-off versus David Desharnais in Lightning zone.
14:39 of 3rd period - Douglas Murray is hit by Scott Hartnell.
14:57 of 3rd period - Shot by David Desharnais.
14:57 of 3rd period - Stopped by Cory Schneider without a rebound.
14:58 of 3rd period - Tomas Fleischmann wins face-off versus Patrick Sharp in Lightning zone.
15:14 of 3rd period - Off-side.
15:15 of 3rd period - Mathieu Perreault wins face-off versus Paul Stastny in neutral zone.
15:15 of 3rd period - Willie Mitchell is hit by Eric Nystrom and loses puck.
15:21 of 3rd period - Icing by Willie Mitchell.
15:22 of 3rd period - Patrick Sharp wins face-off versus Mathieu Perreault in Capitals zone.
15:22 of 3rd period - Patrick Sharp is hit by Marc Methot.
17:16 of 3rd period - Icing by Tomas Fleischmann.
17:17 of 3rd period - Eric Nystrom wins face-off versus Andrew Desjardins in Capitals zone.
17:42 of 3rd period - Shot by Tomas Fleischmann.
17:42 of 3rd period - Shot Misses the Net.
17:59 of 3rd period - Teddy Purcell is hit by Willie Mitchell and loses puck.
18:34 of 3rd period - Minor Penalty to Marc Methot for Hooking.
18:35 of 3rd period - Jeff Halpern wins face-off versus Patrick Sharp in Capitals zone.
19:03 of 3rd period - Lightning, Cory Schneider is pulled from the net.


Output by the SimonT Hockey Simulator (STHS) for Stephane Roy -- Original Page W3C XHTML 1.0 Valid
Hockey Simulator - Hockey Simulation - Hockey Manager